[Event "TIPC 2006"]
[Site "Charleroi BEL"]
[Date "2006.07.31"]
[Round "3"]
[White "Vanderwaeren, Serge"]
[Black "Vanhee, Freddy"]
[Result "1/2-1/2"]
[ECO "A54"]
[WhiteElo "2256"]
[BlackElo "2005"]
[PlyCount "37"]
[TimeControl "40/7200:600"]

1. Nf3 Nf6 2. c4 d6 3. d4 Nbd7 4. Nc3 e5 5. Bg5 h6 6. Bxf6
Qxf6 7. e3 g6 8. Qc2 Bg7 9. O-O-O O-O 10. h4 Re8 11. Ne4 Qe7 12. Ng3 Nf6 13. h5
Nxh5 14. Nxh5 gxh5 15. dxe5 Bg4 16. exd6 cxd6 17. Rd2 Rac8 18. Kb1 b5 19. Qb3
1/2-1/2

[Event "TIPC 2006"]
[Site "Charleroi BEL"]
[Date "2006.07.31"]
[Round "3"]
[White "Laurent, Michel"]
[Black "Denivet, Axel"]
[Result "1-0"]
[ECO "D02"]
[WhiteElo "2026"]
[BlackElo "1832"]
[PlyCount "81"]
[TimeControl "40/7200:3600"]

1. d4 Nf6 2. Nf3 e6 3. Bf4 d5 4. e3 Bd6 5. Bg3 O-O 6. Bd3
b6 7. Qe2 Bb7 8. Nbd2 Nbd7 9. Ne5 Re8 10. O-O-O Nf8 11. Kb1 Bxe5 12. dxe5 N6d7
13. c3 Qe7 14. h4 f6 15. exf6 Nxf6 16. Nf3 N8d7 17. Ne5 Nxe5 18. Bxe5 Qf7 19.
f3 Nd7 20. Bxc7 e5 21. Bd6 Qe6 22. Ba3 Nc5 23. Bc2 Kh8 24. b4 Nd7 25. Bb3 Qg6+
26. Kb2 Nf6 27. g4 e4 28. g5 exf3 29. Qxf3 Qh5 30. Qxh5 Nxh5 31. Bxd5 Bxd5 32.
Rxd5 Rxe3 33. Kb3 Rc8 34. Bb2 Nf4 35. Rd7 Ne2 36. Rhd1 Ree8 37. Rxa7 Re4 38.
Rdd7 Rg8 39. h5 Rg4 40. h6 Rxg5 41. hxg7+ 1-0

[Event "TIPC 2006"]
[Site "Charleroi BEL"]
[Date "2006.07.31"]
[Round "3"]
[White "Marte, Sébastien"]
[Black "Fosset, François"]
[Result "1/2-1/2"]
[ECO "E20"]
[WhiteElo "1810"]
[BlackElo "2025"]
[PlyCount "34"]
[TimeControl "40/7200:3600"]

1. d4 Nf6 2. c4 e6 3. Nc3 Bb4 4. Bd2 b6 5. Nf3 Bb7 6. e3
Bxc3 7. Bxc3 Ne4 8. Qc2 f5 9. Be2 d6 10. O-O O-O 11. Nd2 Qh4 12. Bf3 Nd7 13. g3
Qh6 14. Nxe4 fxe4 15. Bxe4 Bxe4 16. Qxe4 Rae8 17. Qc2 Rf3 1/2-1/2

[Event "TIPC 2006"]
[Site "Charleroi BEL"]
[Date "2006.07.31"]
[Round "3"]
[White "Pitropakis, Kyriakos"]
[Black "Baekelant, Eva"]
[Result "1-0"]
[ECO "A00"]
[WhiteElo "1587"]
[BlackElo "1988"]
[PlyCount "129"]
[TimeControl "40/7200:3600"]

1. b4 Nf6 2. Bb2 e6 3. b5 d5 4. e3 Bd6 5. Be2 Bd7 6. a4 a6 7. c4 c6 8. Nc3 axb5
9. axb5 Rxa1 10. Bxa1 O-O 11. cxd5 cxd5 12. Nf3 Qc7 13. h3 Bc8 14. O-O Nbd7 15.
d4 Nb6 16. Nd2 Bb4 17. Qb3 Ba5 18. Bb2 Bd7 19. Rc1 Qb8 20. Ba3 Rc8 21. Bc5 Be8
22. Qa3 Qa8 23. Ra1 Bxc3 24. Qxc3 Qb8 25. Qa5 Nbd7 26. b6 Nxc5 27. dxc5 Qe5 28.
Ra2 d4 29. Nf3 Qxc5 30. Qxc5 Rxc5 31. Nxd4 Rc1+ 32. Kh2 Rb1 33. Bf3 Rxb6 34.
Ra7 e5 35. Nf5 e4 36. Bd1 g6 37. Nd4 Rb1 38. Be2 b5 39. Rb7 b4 40. Rb8 Kg7 41.
g4 g5 42. Bb5 Bxb5 43. Rxb5 h6 44. Rb7 h5 45. Nf5+ Kg6 46. Ne7+ Kh7 47. gxh5
Nxh5 48. Nd5 Rb2 49. Kg1 b3 50. Rxf7+ Kg6 51. Rb7 Rd2 52. Rb6+ Kf7 53. Nc3 b2
54. Kg2 Nf6 55. Rxf6+ Kxf6 56. Nxe4+ Ke5 57. Nxd2 Kd5 58. f3 Kc5 59. Kf2 Kd5
60. Ke2 Kc5 61. Kd3 Kd5 62. Kc2 b1=Q+ 63. Kxb1 Ke5 64. Kc2 Kd5 65. Kc3 1-0

[Event "TIPC 2006"]
[Site "Charleroi BEL"]
[Date "2006.07.31"]
[Round "3"]
[White "Chung Choong Lon, Marc"]
[Black "Woyave, Pascal"]
[Result "1-0"]
[ECO "C15"]
[WhiteElo "1775"]
[BlackElo "1505"]
[PlyCount "41"]
[TimeControl "40/7200:3600"]

1. e4 e6 2. d4 d5 3. Nc3 Bb4 4. Nge2 dxe4 5. a3 Bxc3+ 6. Nxc3 f5 7. f3 c5 8.
Bf4 Nc6 9. dxc5 Qxd1+ 10. Rxd1 e5 11. Be3 f4 12. Bf2 e3 13. Bh4 Nd4 14. Nb5 Ne6
15. Bc4 g5 16. Bxe6 gxh4 17. Nd6+ Ke7 18. Bxc8 Nh6 19. Bxb7 Rag8 20. c6 Rxg2
21. c7 1-0

[Event "TIPC 2006"]
[Site "Charleroi BEL"]
[Date "2006.07.31"]
[Round "4"]
[White "Perez Garcia, Rodney"]
[Black "Leitao, Rafael"]
[Result "1/2-1/2"]
[ECO "B51"]
[WhiteElo "2406"]
[BlackElo "2598"]
[PlyCount "47"]
[TimeControl "40/7200:3600"]

1. e4 c5 2. Nf3 Nc6 3. Bb5 d6 4. Bxc6+ bxc6 5. O-O
Bg4 6. h3 Bh5 7. d3 e5 8. Nbd2 Nf6 9. c3 Be7 10. Qa4 Qc7 11. Re1 O-O 12. Nh4
Bg6 13. Ndf3 Rab8 14. d4 exd4 15. Nxg6 hxg6 16. cxd4 Rb4 17. Qc2 cxd4 18. a3
Rb7 19. Nxd4 c5 20. Ne2 d5 21. Bf4 Qb6 22. exd5 Nxd5 23. Be5 Bf6 24. Nc3
1/2-1/2

[Event "TIPC 2006"]
[Site "Charleroi BEL"]
[Date "2006.07.31"]
[Round "4"]
[White "Eliet, Nicolas"]
[Black "Kadimova, Ilaha"]
[Result "1/2-1/2"]
[ECO "B10"]
[WhiteElo "2427"]
[BlackElo "2330"]
[PlyCount "41"]
[TimeControl "40/7200:3600"]

1. c4 c6 2. e4 d5 3. exd5 cxd5 4. cxd5 Nf6 5. Nc3
Nxd5 6. Nf3 Nc6 7. Bb5 e6 8. O-O Be7 9. d4 O-O 10. Re1 Nf6 11. Bg5 h6 12. Bh4
Bd7 13. a3 Be8 14. Qd3 Nh5 15. Bxc6 Bxc6 16. Bxe7 Qxe7 17. Qe3 Nf6 18. Ne5 Bd5
19. Nxd5 Nxd5 20. Qb3 Rfc8 21. Rac1 1/2-1/2

[Event "TIPC 2006"]
[Site "Charleroi BEL"]
[Date "2006.07.31"]
[Round "4"]
[White "Terrieux, Kevin"]
[Black "Hanley, Craig"]
[Result "1/2-1/2"]
[ECO "E34"]
[WhiteElo "2343"]
[BlackElo "2419"]
[PlyCount "139"]
[TimeControl "40/7200:3600"]

1. d4 Nf6 2. c4 e6 3. Nc3 Bb4 4. Qc2 d5 5. e3 O-O 6.
a3 Bxc3+ 7. bxc3 c5 8. Nf3 Nbd7 9. cxd5 exd5 10. Bd3 c4 11. Be2 Re8 12. O-O Ne4
13. Nd2 Nd6 14. a4 Nf6 15. Ba3 Bf5 16. Qb2 Re6 17. Rfe1 Nfe4 18. f3 Nxd2 19.
Qxd2 Qg5 20. Bf1 Rae8 21. Qf2 h5 22. g3 Qd8 23. Bg2 Bd3 24. Ra2 Qd7 25. Bc1 Nf5
26. Bf1 g6 27. h3 Qe7 28. Rb2 Bxf1 29. Kxf1 Nxe3+ 30. Bxe3 Rxe3 31. Rbe2 Rxe2
32. Qxe2 Kf8 33. Qe5 f6 34. Qxe7+ Rxe7 35. Rb1 Re3 36. Kf2 Rxc3 37. Rxb7 Rd3
38. Rxa7 Rxd4 39. Rc7 Rd2+ 40. Ke3 Rd3+ 41. Ke2 Ra3 42. Rc5 Rxa4 43. Rxd5 Ke7
44. Rc5 Kd6 45. Rc8 Kd5 46. Rd8+ Ke5 47. Re8+ Kd4 48. Rd8+ Kc3 49. Rd6 Ra2+ 50.
Ke3 Ra3 51. Rxf6 Kb2+ 52. Ke2 c3 53. Rc6 c2 54. Kd2 Rxf3 55. Rxc2+ Kb3 56. Rc6
Rxg3 57. h4 Kb4 58. Ke2 Kb5 59. Rf6 Kc5 60. Rf4 Kd5 61. Kf2 Rc3 62. Rf6 Rc6 63.
Rxc6 Kxc6 64. Kg3 Kd5 65. Kf4 Ke6 66. Ke4 Ke7 67. Kf4 Kf6 68. Ke4 g5 69. hxg5+
Kxg5 70. Kf3 1/2-1/2

[Event "TIPC 2006"]
[Site "Charleroi BEL"]
[Date "2006.07.31"]
[Round "4"]
[White "Both, Erik"]
[Black "Plachetka, Jan"]
[Result "0-1"]
[ECO "C44"]
[WhiteElo "2286"]
[BlackElo "2427"]
[PlyCount "78"]
[TimeControl "40/7200:3600"]

1. e4 e5 2. Nf3 Nc6 3. d4 exd4 4. Bc4 d6 5. Nxd4 g6
6. Nxc6 bxc6 7. Qf3 Qf6 8. Qxf6 Nxf6 9. Nc3 Bg7 10. O-O O-O 11. f3 a5 12. Bb3
Nd7 13. Be3 Nb6 14. a3 Be6 15. Bxe6 fxe6 16. Bxb6 cxb6 17. Nd1 a4 18. c3 b5 19.
Rf2 d5 20. Re2 c5 21. Nf2 d4 22. cxd4 Bxd4 23. Rd1 e5 24. Kf1 b4 25. Rc2 b3 26.
Re2 c4 27. Rc1 c3 28. bxc3 Bc5 29. Ra1 Rad8 30. Ng4 Rd3 31. Nxe5 Rxc3 32. Nd7
Rc8 33. Nf6+ Kf7 34. Nd5 Rc2 35. Nf4 Bxa3 36. Nd3 Rxe2 37. Kxe2 Rc2+ 38. Ke3
Bc1+ 39. Kd4 a3 0-1

[Event "TIPC 2006"]
[Site "Charleroi BEL"]
[Date "2006.07.31"]
[Round "4"]
[White "Schuermans, Robert"]
[Black "Laurent, Bruno"]
[Result "0-1"]
[ECO "C12"]
[WhiteElo "2251"]
[BlackElo "2404"]
[PlyCount "70"]
[TimeControl "40/7200:3600"]

1. e4 e6 2. d4 d5 3. Nc3 Nf6 4. Bg5 Bb4 5. e5 h6 6.
Bd2 Bxc3 7. bxc3 Ne4 8. Qg4 g6 9. Bd3 Nxd2 10. Kxd2 c5 11. h4 Nc6 12. Nf3 cxd4
13. cxd4 Qa5+ 14. Ke3 b6 15. Qf4 Ba6 16. Qf6 Rf8 17. Rhd1 Rc8 18. h5 gxh5 19.
Qxh6 Nb4 20. Kf4 Qa3 21. Bxa6 Qxa6 22. Qxh5 Rxc2 23. Rf1 Qe2 24. Qh7 Nd3+ 25.
Kg3 Nxf2 26. Rfe1 Ne4+ 27. Kf4 Qc4 28. Rxe4 dxe4 29. Qxe4 Qc6 30. g4 Ke7 31.
Qd3 f5 32. g5 Rc3 33. Qd1 Qe4+ 34. Kg3 Rh8 35. d5 Rxf3+ 0-1

[Event "TIPC 2006"]
[Site "Charleroi BEL"]
[Date "2006.07.31"]
[Round "4"]
[White "Vandevoort, Pascal"]
[Black "Camus, Béranger"]
[Result "1-0"]
[ECO "E44"]
[WhiteElo "2388"]
[BlackElo "2135"]
[PlyCount "107"]
[TimeControl "40/7200:3600"]

1. d4 Nf6 2. c4 e6 3. Nc3 Bb4 4. e3 b6 5. Nge2 Bb7
6. a3 Be7 7. d5 O-O 8. Ng3 d6 9. Be2 Nbd7 10. O-O Re8 11. e4 Bf8 12. b4 g6 13.
Bb2 Bg7 14. Qd2 a6 15. Rfe1 Qe7 16. Bf1 Red8 17. Nge2 Ne5 18. Nd4 c5 19. dxc6
Nxc6 20. Nxc6 Bxc6 21. Nd5 Bxd5 22. exd5 e5 23. a4 a5 24. bxa5 Rxa5 25. Bc3
Raa8 26. c5 dxc5 27. Bxe5 Qb7 28. Qb2 Ne8 29. Bb5 Qb8 30. Bxe8 Bxe5 31. Bxf7+
Kxf7 32. Rxe5 Re8 33. Re6 Rxe6 34. dxe6+ Kxe6 35. Re1+ Kf7 36. Qb3+ Kf8 37.
Qf3+ Kg8 38. Re7 Qf8 39. Qd5+ Kh8 40. Qe5+ Kg8 41. Qd5+ Kh8 42. Qe5+ Kg8 43.
Qe6+ Kh8 44. Rf7 Qh6 45. g3 Rf8 46. Qe5+ Kg8 47. Rb7 g5 48. Qe4 Rf7 49. Qd5 Qf6
50. Rxf7 Qxf7 51. Qxg5+ Qg6 52. Qxg6+ hxg6 53. Kf1 Kf7 54. Ke2 1-0

[Event "TIPC 2006"]
[Site "Charleroi BEL"]
[Date "2006.07.31"]
[Round "4"]
[White "Foisor, Sabina-Francesca"]
[Black "Guebel, Yves"]
[Result "1-0"]
[ECO "D45"]
[WhiteElo "2292"]
[BlackElo "1978"]
[PlyCount "79"]
[TimeControl "40/7200:3600"]

1. d4 d5 2. c4 c6 3. e3 Nf6 4. Nc3 e6 5. Nf3 Nbd7 6.
Qc2 Bd6 7. g4 dxc4 8. Bxc4 b6 9. Rg1 Bb7 10. e4 c5 11. g5 Nh5 12. d5 exd5 13.
Nxd5 O-O 14. Bd2 a6 15. g6 hxg6 16. Rxg6 Be7 17. Rg1 b5 18. Be2 Bxd5 19. exd5
Ndf6 20. Ng5 g6 21. O-O-O Rc8 22. Bxh5 Nxh5 23. Ne6 Qe8 24. Nxf8 Bxf8 25. f4
Kh7 26. f5 Rc7 27. Rg5 Nf6 28. Rdg1 Qe4 29. fxg6+ fxg6 30. Rxg6 Qxc2+ 31. Kxc2
Nxd5 32. Rxa6 Bg7 33. Rd6 Ne7 34. Rd3 Nf5 35. Bc3 Bxc3 36. Kxc3 Ng7 37. Rh3+
Kg8 38. Rhg3 Kf8 39. Rxg7 Rxg7 40. Rxg7 1-0

[Event "TIPC 2006"]
[Site "Charleroi BEL"]
[Date "2006.07.31"]
[Round "4"]
[White "Dal Borgo, Albin"]
[Black "Maes, Wim"]
[Result "1/2-1/2"]
[ECO "D00"]
[WhiteElo "2128"]
[BlackElo "2287"]
[PlyCount "107"]
[TimeControl "40/7200:3600"]

1. d4 Nf6 2. Bg5 d5 3. e3 c6 4. Nd2 Bf5 5. Bxf6 exf6
6. c4 Qb6 7. Qb3 dxc4 8. Bxc4 Qxb3 9. Nxb3 Nd7 10. Ke2 Nb6 11. Bd3 Be6 12. Nd2
O-O-O 13. Ngf3 Nd5 14. a3 Be7 15. Ne4 Kb8 16. Rac1 h6 17. Rhd1 g6 18. Bb1 Nb6
19. Nfd2 f5 20. Nc3 f4 21. Ba2 fxe3 22. fxe3 Bxa2 23. Nxa2 Rhe8 24. Nf3 Bd6 25.
Kf2 Re6 26. Re1 Rde8 27. Rc2 Nd5 28. Rce2 Nf6 29. Kg1 Bf4 30. Nc3 Rxe3 31. g3
Rxe2 32. Rxe2 Rxe2 33. Nxe2 Bd6 34. h3 Kc7 35. Nd2 Kd7 36. Kf2 Ke6 37. Ke3 Nd5+
38. Kf3 f5 39. Nc4 Bc7 40. Ne3 g5 41. g4 Ne7 42. Nc3 Bb6 43. Nc2 Kf6 44. Ne2
Nc8 45. b3 Nd6 46. Ng3 Ke6 47. a4 Kf6 48. Nh5+ Kg6 49. Ng3 Ba5 50. Ne3 fxg4+
51. hxg4 Bd8 52. Nc4 Nxc4 53. bxc4 Bc7 54. Nh5 1/2-1/2

[Event "TIPC 2006"]
[Site "Charleroi BEL"]
[Date "2006.07.31"]
[Round "4"]
[White "Hanley, James L."]
[Black "Denayer, Eric"]
[Result "0-1"]
[ECO "B00"]
[WhiteElo "2155"]
[BlackElo "2279"]
[PlyCount "92"]
[TimeControl "40/7200:3600"]

1. e4 b6 2. d4 Bb7 3. Nc3 e6 4. Bd3 Nf6 5. Nge2 d5
6. exd5 exd5 7. O-O Be7 8. Re1 O-O 9. Ng3 Re8 10. Qf3 Nbd7 11. Nf5 Bf8 12. Bg5
Rxe1+ 13. Rxe1 h6 14. Bh4 g6 15. Ne3 c6 16. Ng4 g5 17. Bg3 Nxg4 18. Qxg4 Bg7
19. Be5 Nxe5 20. dxe5 Bc8 21. Qf3 Qe7 22. Qg3 Bd7 23. f4 gxf4 24. Qxf4 Qg5 25.
g3 Re8 26. Kf1 Re7 27. Qxg5 hxg5 28. Ne2 Bxe5 29. c3 c5 30. Kf2 Bg4 31. Rd1 c4
32. Bc2 Bxe2 33. Kxe2 Bxc3+ 34. Kf3 Bxb2 35. Rxd5 Bf6 36. Rd8+ Kg7 37. Rc8 c3
38. a4 Rd7 39. Bb3 Kg6 40. Rc6 Kg7 41. Ke4 Re7+ 42. Kd3 Be5 43. Kc4 Rd7 44. Kb5
Rc7 45. Rxc7 Bxc7 46. Ka6 f5 0-1

[Event "TIPC 2006"]
[Site "Charleroi BEL"]
[Date "2006.07.31"]
[Round "4"]
[White "Wantiez, Fabrice"]
[Black "Mattheys, Eddy"]
[Result "1-0"]
[ECO "C00"]
[WhiteElo "2265"]
[BlackElo "2002"]
[PlyCount "75"]
[TimeControl "40/7200:3600"]

1. e4 e6 2. f4 d5 3. exd5 exd5 4. Nf3 Nf6 5. d4 Bd6
6. Bd3 O-O 7. O-O Nc6 8. c3 Bg4 9. Qc2 Bxf3 10. Rxf3 Re8 11. Nd2 Qe7 12. Nf1
Ne4 13. Ne3 Nf6 14. Bd2 Nd8 15. Rh3 h5 16. Rg3 Ne6 17. Re1 Qd7 18. Nf5 Kf8 19.
Rf1 c5 20. Bb5 Qc7 21. Bxe8 Rxe8 22. Nxd6 Qxd6 23. f5 Nc7 24. Bf4 Qc6 25. Be5
cxd4 26. Bxd4 Re4 27. Qd2 Nce8 28. Qg5 Rxd4 29. cxd4 Ne4 30. Qxh5 Nxg3 31. Qh8+
Ke7 32. hxg3 Kd7 33. Re1 Kd8 34. Qf8 Qd7 35. Kh1 a6 36. Kg1 b6 37. Kh1 g6 38.
f6 1-0

[Event "TIPC 2006"]
[Site "Charleroi BEL"]
[Date "2006.07.31"]
[Round "4"]
[White "Allaert, Dimitri"]
[Black "Mohandesi, Shahin"]
[Result "0-1"]
[ECO "B33"]
[WhiteElo "1991"]
[BlackElo "2253"]
[PlyCount "42"]
[TimeControl "40/7200:3600"]

1. e4 c5 2. Nf3 e6 3. d4 cxd4 4. Nxd4 Nf6 5. Nc3 Nc6
6. Ndb5 d6 7. Bf4 e5 8. Bg5 a6 9. Na3 b5 10. Bxf6 gxf6 11. Nd5 f5 12. c3 Bg7
13. Nc2 fxe4 14. g3 O-O 15. Bg2 f5 16. O-O Be6 17. a4 bxa4 18. Rxa4 a5 19. Re1
Rb8 20. b3 Rxb3 21. Nd4 Nxd4 0-1

[Event "TIPC 2006"]
[Site "Charleroi BEL"]
[Date "2006.07.31"]
[Round "4"]
[White "Russo, Bruno"]
[Black "Van Mechelen, Jan"]
[Result "0-1"]
[ECO "C06"]
[WhiteElo "1980"]
[BlackElo "2251"]
[PlyCount "44"]
[TimeControl "40/7200:3600"]

1. e4 e6 2. d4 d5 3. Nd2 Nf6 4. e5 Nfd7 5. Bd3 c5 6.
c3 Nc6 7. Ne2 cxd4 8. cxd4 f6 9. exf6 Nxf6 10. Nf3 Qc7 11. Bd2 Bd6 12. Bc3 O-O
13. O-O Nh5 14. Ng3 Nf4 15. Bc2 g6 16. Re1 Qg7 17. Nf1 Bd7 18. Ne3 g5 19. Ng4
h5 20. Nge5 g4 21. Nd2 Nxe5 22. dxe5 Nh3+ 0-1

[Event "TIPC 2006"]
[Site "Charleroi BEL"]
[Date "2006.07.31"]
[Round "4"]
[White "Marville, Grégoire"]
[Black "Bolzoni, Victor-Angel"]
[Result "0-1"]
[ECO "B85"]
[WhiteElo "1975"]
[BlackElo "2170"]
[PlyCount "56"]
[TimeControl "40/7200:3600"]

1. e4 c5 2. Nf3 e6 3. d4 cxd4 4. Nxd4 Nf6 5. Nc3 d6
6. Be2 Nc6 7. Be3 Qc7 8. O-O Be7 9. f4 O-O 10. Kh1 a6 11. Qe1 Nd7 12. Qg3 Kh8
13. Bg4 Bf6 14. Rad1 Nb6 15. Ndb5 axb5 16. Nxb5 Qd8 17. Nxd6 Nd7 18. e5 Be7 19.
f5 Bxd6 20. Rxd6 Ncxe5 21. Bd4 Nxg4 22. Qxg4 e5 23. Bxe5 f6 24. Bc3 Rxa2 25.
Rd3 Qe8 26. Rh3 Ne5 27. Qh4 h6 28. Bd2 Bxf5 0-1

[Event "TIPC 2006"]
[Site "Charleroi BEL"]
[Date "2006.07.31"]
[Round "4"]
[White "Van Uytven, Eric"]
[Black "Vivone, Santino"]
[Result "1-0"]
[ECO "E11"]
[WhiteElo "2167"]
[BlackElo "1995"]
[PlyCount "53"]
[TimeControl "40/7200:3600"]

1. d4 Nf6 2. c4 e6 3. Nf3 Bb4+ 4. Bd2 Bxd2+ 5. Qxd2
Ne4 6. Qc2 d5 7. e3 O-O 8. Nc3 f5 9. cxd5 Nxc3 10. Qxc3 exd5 11. g3 Nd7 12. Bg2
Nf6 13. O-O Ne4 14. Qc2 c6 15. Ne5 Be6 16. b4 Nd6 17. a4 a5 18. b5 cxb5 19.
axb5 Nxb5 20. Qc5 Nc7 21. Rxa5 Rxa5 22. Qxa5 Qd6 23. Rc1 b6 24. Qa7 Nb5 25. Qa4
Bd7 26. Nxd7 Qxd7 27. Bf1 1-0

[Event "TIPC 2006"]
[Site "Charleroi BEL"]
[Date "2006.07.31"]
[Round "4"]
[White "Kocur, Marc"]
[Black "Demanghon, Jonathan"]
[Result "0-1"]
[ECO "D03"]
[WhiteElo "1960"]
[BlackElo "2160"]
[PlyCount "116"]
[TimeControl "40/7200:3600"]

1. d4 d5 2. Nf3 Nf6 3. Bg5 Ne4 4. Bh4 c5 5. e3 Qb6
6. Nc3 Nxc3 7. bxc3 Qa5 8. Qd2 Nc6 9. Be2 Bf5 10. Bd3 Bxd3 11. cxd3 e6 12. Rb1
b6 13. Ne5 Rc8 14. Nxc6 Rxc6 15. Ke2 c4 16. Qb2 Ba3 17. Qc2 O-O 18. f3 cxd3+
19. Qxd3 Qxc3 20. Rb3 Qxd3+ 21. Kxd3 Bd6 22. e4 Rfc8 23. exd5 exd5 24. Bg3 g6
25. Re1 Bxg3 26. hxg3 Re6 27. Re5 Rd8 28. a4 Kg7 29. Rb5 Red6 30. a5 Kf8 31.
Re1 f6 32. Reb1 Rb8 33. Rc5 Rb7 34. Rc8+ Kf7 35. a6 Re7 36. Rb5 Ke6 37. Ra8 Kf5
38. Rb8 Rdd7 39. Rc8 h5 40. Rf8 Re1 41. Rb8 Ra1 42. Rb7 Ra3+ 43. Kc2 Ke6 44.
Kb2 Rxa6 45. Rb8 Ra4 46. Kc3 Ra3+ 47. Kd2 Ra2+ 48. Ke3 Rxg2 49. Re8+ Kf7 50.
Rh8 Kg7 51. Re8 Rxg3 52. Kf4 h4 53. Rb3 g5+ 54. Kf5 h3 55. Rb2 Rg2 56. Rb1 h2
57. f4 Rg1 58. fxg5 Rxb1 0-1

[Event "TIPC 2006"]
[Site "Charleroi BEL"]
[Date "2006.07.31"]
[Round "4"]
[White "Di Cosmo, Jonathan"]
[Black "Guezennec, Franck"]
[Result "1-0"]
[ECO "A57"]
[WhiteElo "1941"]
[BlackElo "2152"]
[PlyCount "65"]
[TimeControl "40/7200:3600"]

1. d4 Nf6 2. c4 c5 3. d5 b5 4. cxb5 a6 5. b6 d6 6.
Nc3 Qxb6 7. e4 g6 8. Be2 Bg7 9. Nf3 O-O 10. O-O Bg4 11. Nd2 Bxe2 12. Qxe2 Nbd7
13. Nc4 Qc7 14. a4 Rab8 15. a5 Rb4 16. f4 h5 17. Bd2 Rfb8 18. Na4 Rb3 19. Bc3
h4 20. Rf3 h3 21. Rxh3 Nh5 22. Rf1 Ndf6 23. g4 Qd7 24. f5 Qxa4 25. gxh5 gxh5
26. Rg3 Rxc3 27. bxc3 Kf8 28. Kh1 h4 29. Rg2 Rb3 30. Rfg1 Bh6 31. e5 dxe5 32.
Nxe5 Rb8 33. Qh5 1-0

[Event "TIPC 2006"]
[Site "Charleroi BEL"]
[Date "2006.07.31"]
[Round "4"]
[White "Russo, Julien"]
[Black "Todts, Benny"]
[Result "1-0"]
[ECO "C05"]
[WhiteElo "2145"]
[BlackElo "1983"]
[PlyCount "81"]
[TimeControl "40/7200:3600"]

1. e4 e6 2. d4 d5 3. Nd2 Nf6 4. e5 Nfd7 5. f4 c5 6.
c3 Nc6 7. Ndf3 cxd4 8. cxd4 Qb6 9. a3 a5 10. b3 f6 11. Bd3 Be7 12. h4 Nf8 13.
Ne2 Bd7 14. Kf2 O-O-O 15. Be3 Be8 16. h5 g6 17. h6 Kb8 18. Qd2 Rg8 19. Nc3 fxe5
20. fxe5 g5 21. g4 Ng6 22. Ne2 Bd7 23. Kg3 Rdf8 24. Bc2 Qc7 25. Rhf1 Ngxe5 26.
dxe5 Nxe5 27. Nxe5 Qxe5+ 28. Kh3 Bd6 29. Bg1 Rf6 30. Rxf6 Qxf6 31. Qc3 Be5 32.
Qxe5+ Qxe5 33. Bh2 Qxh2+ 34. Kxh2 Rf8 35. Kg3 e5 36. Bxh7 Rh8 37. Bf5 Bxf5 38.
gxf5 Rxh6 39. Rf1 d4 40. Kg4 d3 41. Nc3 1-0

[Event "TIPC 2006"]
[Site "Charleroi BEL"]
[Date "2006.07.31"]
[Round "4"]
[White "Krasucki, Youri"]
[Black "Vanderose, Michel"]
[Result "1-0"]
[ECO "B07"]
[WhiteElo "2048"]
[BlackElo "1909"]
[PlyCount "25"]
[TimeControl "40/7200:3600"]

1. d4 d6 2. e4 g6 3. Nc3 Bg7 4. Be3 Nf6 5. h3 O-O 6.
g4 e5 7. Nge2 c6 8. Bg2 Nbd7 9. Qd2 Nb6 10. b3 a5 11. dxe5 dxe5 12. Qxd8 Rxd8
13. Bxb6 1-0

[Event "TIPC 2006"]
[Site "Charleroi BEL"]
[Date "2006.07.31"]
[Round "4"]
[White "Foisor, Mihaela-Veronica"]
[Black "Peeters, Simonne"]
[Result "1-0"]
[ECO "E61"]
[WhiteElo "2005"]
[BlackElo "1887"]
[PlyCount "63"]
[TimeControl "40/7200:3600"]

1. d4 Nf6 2. c4 g6 3. Nc3 Bg7 4. Nf3 d6 5. Bg5 Bf5
6. e3 Ne4 7. Bh4 Nxc3 8. bxc3 c5 9. Be2 O-O 10. O-O Nc6 11. Nd2 Qa5 12. Qc1
Rfe8 13. Nb3 Qb6 14. Qd2 Na5 15. Nxa5 Qxa5 16. Rfd1 Rab8 17. Bd3 Bxd3 18. Qxd3
b5 19. Rdb1 a6 20. Bg3 bxc4 21. Qxc4 cxd4 22. cxd4 Rbc8 23. Qe2 d5 24. h3 e6
25. Rb7 Rc6 26. Rab1 Rec8 27. Qf3 Rc1+ 28. Rxc1 Rxc1+ 29. Kh2 f5 30. Qf4 Rc8
31. Qd6 Re8 32. Qd7 1-0

[Event "TIPC 2006"]
[Site "Charleroi BEL"]
[Date "2006.07.31"]
[Round "4"]
[White "Lui, Eric"]
[Black "Majewski, Philippe"]
[Result "1-0"]
[ECO "B07"]
[WhiteElo "2003"]
[BlackElo "1754"]
[PlyCount "43"]
[TimeControl "40/7200:3600"]

1. e4 d6 2. d4 Nf6 3. Nc3 g6 4. Be3 Bg7 5. Qd2 Nbd7
6. Bh6 Bxh6 7. Qxh6 e5 8. d5 Ng8 9. Qd2 a6 10. O-O-O f5 11. f4 Qh4 12. g3 Qh6
13. Nf3 Ngf6 14. exf5 gxf5 15. Ng5 Nb6 16. fxe5 Nfxd5 17. Nxd5 Nxd5 18. exd6 c6
19. Bc4 Qxd6 20. Rhe1+ Kf8 21. Bxd5 Qxd5 22. Qc3 1-0

[Event "TIPC 2006"]
[Site "Charleroi BEL"]
[Date "2006.07.31"]
[Round "4"]
[White "Charlier, Benoît"]
[Black "Domelevo-Entfellner, Jean-Baka"]
[Result "0-1"]
[ECO "A87"]
[WhiteElo "1642"]
[BlackElo "1967"]
[PlyCount "66"]
[TimeControl "40/7200:3600"]

1. d4 f5 2. c4 Nf6 3. Nf3 g6 4. g3 Bg7 5. Bg2 O-O 6.
O-O d6 7. Nc3 Qe8 8. d5 e5 9. dxe6 Qxe6 10. Nd5 Na6 11. Ng5 Qd7 12. Rb1 c6 13.
Nxf6+ Bxf6 14. Bf4 Rd8 15. b4 Nc7 16. Qb3 Kg7 17. Rfd1 Qe7 18. Qe3 Ne6 19.
Nxe6+ Bxe6 20. Qd3 d5 21. c5 g5 22. Bd6 Rxd6 23. cxd6 Qxd6 24. a3 Rd8 25. e4
Qe5 26. exd5 cxd5 27. Rbc1 b6 28. Re1 Qd6 29. Qe2 Bf7 30. Qc2 d4 31. Qd3 Bg6
32. Rc6 f4 33. Be4 Qxc6 0-1

[Event "TIPC 2006"]
[Site "Charleroi BEL"]
[Date "2006.07.31"]
[Round "4"]
[White "Parys, Pierre"]
[Black "Vanderwaeren, Serge"]
[Result "1/2-1/2"]
[ECO "B02"]
[WhiteElo "2000"]
[BlackElo "2256"]
[PlyCount "45"]
[TimeControl "40/7200:3600"]

1. e4 Nf6 2. Nc3 d5 3. e5 Ne4 4. d3 Nxc3 5. bxc3 c5 6. g3
Nc6 7. f4 Bf5 8. Nf3 h6 9. Nh4 Bd7 10. Bg2 e6 11. O-O g6 12. Qe1 Qc7 13. Rb1
O-O-O 14. Nf3 Be7 15. Be3 Nb8 16. Qf2 Na6 17. Rb2 Bc6 18. Rfb1 Rd7 19. h3 Qa5
20. Qe1 Qa4 21. Qd2 Nc7 22. Qf2 b6 23. Bxc5 1/2-1/2

[Event "TIPC 2006"]
[Site "Charleroi BEL"]
[Date "2006.07.31"]
[Round "4"]
[White "Ackaert, Thierry"]
[Black "Leloutre, Bernard"]
[Result "0-1"]
[ECO "A00"]
[WhiteElo "2134"]
[BlackElo "1935"]
[PlyCount "114"]
[TimeControl "40/7200:3600"]

1. b4 e6 2. a3 a5 3. b5 d5 4. Bb2 Nf6 5. e3 c5 6. Nf3 Be7
7. d3 b6 8. Nbd2 Bb7 9. g3 Nbd7 10. Bg2 Qc7 11. c4 O-O 12. O-O Rad8 13. Qe2
Rfe8 14. Rac1 h6 15. h4 Nh7 16. Bh3 Bf6 17. d4 Nhf8 18. Rfd1 e5 19. dxe5 Nxe5
20. Nxe5 Bxe5 21. Bxe5 Qxe5 22. Nf3 Qf6 23. cxd5 Bxd5 24. Nh2 Ng6 25. Bg2 Bxg2
26. Kxg2 Rxd1 27. Rxd1 Qc3 28. Rd7 Ne5 29. Rc7 Qxa3 30. Qh5 Qa2 31. e4 Qc4 32.
Qf5 Qe6 33. Qf4 Nd3 34. Qd2 Qxe4+ 35. Kh3 Qe2 36. Qxe2 Rxe2 37. Rc6 Nxf2+ 38.
Kg2 Ng4+ 39. Kf3 Rxh2 40. Kxg4 Rb2 41. Rxb6 a4 42. h5 a3 43. Rb8+ Kh7 44. Kf5
a2 45. Ra8 Rxb5 46. Rxa2 c4+ 47. Kg4 Rc5 48. Rc2 c3 49. Kh4 Rc4+ 50. Kh3 f5 51.
Kg2 g6 52. hxg6+ Kxg6 53. Kf3 Kg5 54. Kf2 h5 55. Kg2 Kg4 56. Kf2 f4 57. gxf4
Kxf4 0-1

[Event "TIPC 2006"]
[Site "Charleroi BEL"]
[Date "2006.07.31"]
[Round "4"]
[White "Marte, Sébastien"]
[Black "Pitropakis, Kyriakos"]
[Result "1-0"]
[ECO "A40"]
[WhiteElo "1810"]
[BlackElo "1587"]
[PlyCount "119"]
[TimeControl "40/7200:3600"]

1. d4 h6 2. c4 c6 3. Nc3 e6 4. Nf3 d5 5. e3 Nf6 6. Qc2 Be7
7. Bd3 dxc4 8. Bxc4 b5 9. Bd3 a6 10. O-O Nd5 11. a3 Nd7 12. Rd1 Bb7 13. e4 Nxc3
14. bxc3 g5 15. c4 g4 16. Ne1 Bg5 17. Bb2 Bf6 18. d5 cxd5 19. exd5 Bxb2 20.
Qxb2 Qf6 21. Qxf6 Nxf6 22. dxe6 fxe6 23. cxb5 axb5 24. Bxb5+ Ke7 25. Nc2 Rad8
26. Ne3 h5 27. Rac1 Rxd1+ 28. Rxd1 Nd5 29. Nxd5+ Bxd5 30. a4 Ra8 31. g3 Ra7 32.
Ra1 Bf3 33. a5 Bd5 34. Be2 Kf6 35. Kf1 Kg5 36. Ke1 e5 37. Kd2 Rf7 38. Ke3 Rc7
39. a6 Rc3+ 40. Kd2 Rc5 41. Ra3 Kf5 42. Ke3 Ba8 43. f3 Kg5 44. a7 Rc7 45. fxg4
hxg4 46. Ra5 Re7 47. Bd3 Kf6 48. Be4 Re8 49. Bxa8 Rxa8 50. Ke4 Ke6 51. Ra6+ Kd7
52. Kxe5 Kc7 53. Kf4 Kb7 54. Ra2 Rf8+ 55. Kxg4 Ka8 56. h4 Rg8+ 57. Kh3 Re8 58.
h5 Re5 59. g4 Rc5 60. Kh4 1-0